 Dungeon Crawl Stone Soup version 0.18.1-6-gd335043 (webtiles) character file.

942 M4edhros the Cleaver (level 7, 0/57 HPs)
             Began as a Minotaur Berserker on May 20, 2016.
             Was a Believer of Trog.
             Slain by a wight
             ... wielding a +2 spear
              (6 damage)
             ... on level 7 of the Dungeon.
             The game lasted 00:04:21 (1017 turns).

M4edhros the Cleaver (Minotaur Berserker)           Turns: 1017, Time: 00:04:22

Health: 0/57       AC:  2    Str: 22    XL:     7   Next: 88%
Magic:  6/6        EV: 10    Int:  4    God:    Trog [**....]
Gold:   171        SH:  0    Dex: 11    Spells: 0 memorised, 6 levels left

rFire  + + .     SeeInvis .     v - +0 battleaxe
rCold  . . .     Gourm    .     h - +2 ring mail {rF+}
rNeg   . . .     Faith    .     (shield currently unavailable)
rPois  .         Spirit   .     (helmet restricted)
rElec  .         Dismiss  .     (no cloak)
rCorr  .         Reflect  .     (no gloves)
SustAt .         Harm     .     (no boots)
MR     ++...                    (no amulet)
Stlth  +.........               l - ring of protection from fire
                                p - -5 ring of protection (curse)

@: exhausted, about to teleport, regenerating, slowed, heavily drained, very
slow, very resistant to hostile enchantments, very unstealthy
A: retaliatory headbutt, horns 2
a: Berserk, Trog's Hand, Burn Spellbooks, Renounce Religion


You were on level 7 of the Dungeon.
You worshipped Trog.
Trog was pleased with you.
You were hungry.

You visited 1 branch of the dungeon, and saw 7 of its levels.
You also visited: Sewer.

You collected 171 gold pieces.

Inventory:

Hand Weapons
 a - a +0 hand axe
 v - a +0 battleaxe (weapon)
Missiles
 j - 3 silver tomahawks (quivered)
Armour
 b - a +0 animal skin
 h - a +2 ring mail of fire resistance (worn)
 t - a +1 ring mail of positive energy
Jewellery
 f - an uncursed ring of see invisible
 l - a ring of protection from fire (right hand)
 o - an uncursed ring of loudness
 p - a cursed -5 ring of protection (left hand)
Wands
 m - a wand of disintegration (5/24)
 q - a wand of teleportation (3/9)
 s - a wand of flame (14/48)
 u - a wand of iceblast (9/15)
Scrolls
 d - 2 scrolls of noise
 e - a scroll of brand weapon {unknown}
Books
 r - a book of Clouds

   Spells                             Type                      Level
   a - Mephitic Cloud                 Conjuration/Poison/Air       3
   b - Conjure Flame                  Conjuration/Fire             3
   c - Poisonous Cloud                Conjuration/Poison/Air       6
   d - Freezing Cloud                 Conjuration/Ice/Air          6
   e - Ring of Flames                 Charms/Fire                  7
   Trog disapproves of the use of such an item.
Comestibles
 c - 2 bread rations


   Skills:
 - Level 3.6(1.2) Fighting
 + Level 11.2(8.3) Axes
 - Level 2.4(0.1) Armour
 - Level 2.1(0.0) Dodging


You had 6 spell levels left.
You didn't know any spells.

Dungeon Overview and Level Annotations

Branches:
Dungeon (7/15)             Temple (0/1) D:4

Altars:
Ru
Vehumet


Innate Abilities, Weirdness & Mutations

You reflexively headbutt those who attack you in melee.
You have a pair of horns on your head.


Message History

* * * LOW HITPOINT WARNING * * *
You feel drained.
All of the chunks of flesh in your inventory have rotted away.
Drink which item? (? for menu, Esc to quit)
You feel better. The wight hits you with a long sword!
* * * LOW HITPOINT WARNING * * *
The wight closely misses you.
Evoke which item? (* to show all) (? for menu, Esc to quit)
Zapping:
q - a wand of teleportation (4/9)
Press: ? - help, Shift-Dir - straight line, f - you You feel strangely unstable.
This wand has 3 charges left.
The wight hits you with a long sword.
* * * LOW HITPOINT WARNING * * *
You feel drained.
* * * LOW HITPOINT WARNING * * *
The wight closely misses you. The wight hits you with a long sword.
* * * LOW HITPOINT WARNING * * *
You feel drained.
The wight hits you with an enchanted spear.
You die...

#. #.......
####.##.#......
...............
.......(.......
...............
.........#.<#..
...$...z.......
#@.#. #z.#.
#..#.
..#.##.)#.#####
.......[##....#
#######..'....+
.......##....#
##......#....#
#......######


You could see 2 wights.

Vanquished Creatures
  Edmund (D:5)
  An ice beast (D:6)
  2 ogres (D:5)
  A centaur (D:5)
  A crocodile (Sewer)
  3 wights (D:7)
  A giant frog zombie (D:5)
  An orc wizard (D:3)
  A hound (D:4)
  A giant frog skeleton (D:5)
  Jessica (D:3)
  An iguana (D:5)
  Ijyb (D:3)
  2 worker ants
  An adder (D:4)
  An ooze (D:2)
  An adder skeleton (D:6)
  2 worms (D:4)
  A giant gecko (D:4)
  4 orcs
  7 bats
  3 giant cockroaches (D:4)
  A hobgoblin (D:2)
  5 jackals (D:6)
  A kobold (D:1)
  A giant newt (D:4)
  A rat (D:4)
47 creatures vanquished.

Notes
Turn   | Place    | Note
--------------------------------------------------------------
     0 | D:1      | M4edhros the Minotaur Berserker began the quest for the Orb.
     0 | D:1      | Reached XP level 1. HP: 19/19 MP: 0/0
    53 | D:2      | Reached skill level 4 in Axes
   146 | D:3      | Noticed an orc wizard
   149 | D:3      | Reached XP level 2. HP: 26/26 MP: 1/1
   152 | D:3      | Reached skill level 5 in Axes
   152 | D:3      | Reached XP level 3. HP: 31/31 MP: 2/2
   184 | D:3      | Noticed Ijyb
   190 | D:3      | Killed Ijyb
   190 | D:3      | Reached XP level 4. HP: 39/39 MP: 3/3
   236 | D:3      | Found a radiant altar of Vehumet.
   239 | D:3      | Noticed Jessica
   242 | D:3      | Killed Jessica
   242 | D:3      | Reached skill level 6 in Axes
   272 | D:4      | Found a staircase to the Ecumenical Temple.
   364 | D:4      | Reached XP level 5. HP: 37/45 MP: 4/4
   383 | D:4      | Reached skill level 7 in Axes
   388 | D:4      | Reached ** piety under Trog
   415 | D:4      | Found a glowing drain.
   419 | Sewer    | Entered a sewer
   459 | Sewer    | Noticed a crocodile
   466 | Sewer    | Killed a crocodile
   587 | D:5      | Entered Level 5 of the Dungeon
   624 | D:5      | Noticed a centaur
   630 | D:5      | Killed a centaur
   630 | D:5      | Reached skill level 8 in Axes
   630 | D:5      | Reached XP level 6. HP: 34/51 MP: 5/5
   634 | D:5      | Noticed Edmund
   651 | D:5      | Killed Edmund
   651 | D:5      | Reached skill level 9 in Axes
   661 | D:5      | Found a sacrificial altar of Ru.
   700 | D:5      | Reached XP level 7. HP: 55/57 MP: 6/6
   704 | D:5      | Reached skill level 10 in Axes
   990 | D:7      | Reached skill level 11 in Axes
  1017 | D:7      | Slain by a wight

Skill      XL: |  1  2  3  4  5  6  7 |
---------------+----------------------+-----
Axes           | 4 5 6 8 9 11 | 11.2
Fighting       | |  3.6
Armour         | |  2.4
Dodging        | |  2.1

Action                   |  1- 3 |  4- 6 |  7- 9 || total
-------------------------+-------+-------+-------++-------
Melee: Hand axe          |    12 |    78 |    48 ||   138
       Headbutt          |     2 |     9 |     7 ||    18
       Battleaxe         |       |       |     3 ||     3
Invok: Berserk           |     1 |     2 |     2 ||     5
       Trog's Hand       |       |     1 |     1 ||     2
Evoke: Wand              |       |       |     1 ||     1
  Use: Scroll            |       |     3 |     1 ||     4
       Potion            |       |     1 |     4 ||     5
  Eat: Chunk             |       |     1 |     4 ||     5
Armor: Animal skin       |     1 |       |       ||     1
       Ring mail         |     5 |    14 |     5 ||    24
       Skin              |       |    20 |    18 ||    38
Dodge: Dodged            |    11 |    39 |    27 ||    77
